 Dungeon Crawl Stone Soup version 0.30-a0-779-g7971cf19c3 (webtiles) character file.

Game seed: 7889653391529871129

4410 bande the Cleaver (level 10, 0/61 HPs)
             Began as a Gargoyle Fighter on Feb 18, 2023.
             Was an Elder of Okawaru.
             Slain by a vault guard
             ... wielding a +0 broad axe
              (13 damage)
             ... in a bailey.
             The game lasted 00:11:12 (6094 turns).

bande the Cleaver (Gargoyle Fighter)                Turns: 6094, Time: 00:11:13

Health: 0/61       AC: 25    Str: 20    XL:     10   Next: 36%
Magic:  14/14      EV:  7    Int:  9    God:    Okawaru [****..]
Gold:   442        SH:  6    Dex: 19    Spells: 9/9 levels left

rFire   . . .      SeeInvis .    a - +1 war axe (flame)
rCold   . . .      Faith    .    c - +0 buckler
rNeg    + . .      Spirit   .    x - +0 chain mail
rPois   ∞          Reflect  .    i - +1 hat
rElec   +          Harm     .    l - +0 cloak
rCorr   .          Rampage  .    (no gloves)
Will    .....                    k - +1 pair of boots Stlth
                                 (no amulet)
HPRegen 0.30/turn                w - +6 ring of dexterity
MPRegen 0.14/turn                D - +4 ring of protection

@: no status effects
A: sickness immunity, AC +7, negative energy resistance 1, electricity
resistance, torment resistance 1, petrification resistance
a: Renounce Religion, Heroism, Finesse


You were in a bailey.
You worshipped Okawaru.
Okawaru was greatly pleased with you.
You visited 1 branch of the dungeon, and saw 7 of its levels.
You also visited: Bailey.

You collected 442 gold pieces.

Inventory:

Hand Weapons
 a - a +1 war axe of flaming (weapon)
Armour
 c - a +0 buckler (worn)
 i - a +1 hat (worn)
 k - a +1 pair of boots (worn)
 l - a +0 cloak (worn)
 x - a +0 chain mail (worn)
Jewellery
 q - a ring of magical power
 r - a +6 ring of intelligence
 w - a +6 ring of dexterity (left hand)
 C - a +6 ring of dexterity
 D - a +4 ring of protection (right hand)
Wands
 n - a wand of polymorph (11)
 p - a wand of flame (51)
 u - a wand of light (3)
Scrolls
 d - 2 scrolls of fog
 e - a scroll of enchant weapon
 h - 2 scrolls of teleportation
 m - a scroll of brand weapon
 y - 2 scrolls of blinking
 F - a scroll of identify
Potions
 b - 2 potions of resistance
 f - a potion of curing
 g - a potion of cancellation
 j - a potion of might
 o - a potion of brilliance
 s - 3 potions of haste
 t - a potion of invisibility
 v - a potion of heal wounds
 z - 2 potions of ambrosia
 A - a potion of attraction {unknown}
 B - a potion of magic {unknown}
 E - 2 potions of experience {unknown}
 G - a potion of degeneration {unknown}


   Skills:
 + Level 6.4 Fighting
 + Level 8.8 Axes
 + Level 6.1 Armour
 + Level 5.3 Shields
 * Level 6.0 Invocations
 * Level 5.2 Evocations


You had 9 spell levels left.
You didn't know any spells.
Your spell library contained the following spells:

 Spells                   Type           Power      Damage    Failure   Level
 Beastly Appendage        Tmut           0%         N/A       99%         1
 Wereblood                Tmut           0%         N/A       100%        2
 Gell's Gravitas          Tloc           0%         N/A       100%        3
 Spider Form              Tmut/Pois      0%         N/A       100%        3
 Teleport Other           Tloc           0%         N/A       100%        3
 Dispersal                Tloc           0%         N/A       100%        6


Dungeon Overview and Level Annotations

Branches:
Dungeon (7/15)             Temple (0/1) D:6          Bailey (1/1)

Altars:
Hepliaklqana
Kikubaaqudgha
Nemelex Xobeh
Okawaru
Uskayaw
Vehumet
Zin

Shops:
D:3 [   D:4 (

Annotations:
D:5 2 transporters


Innate Abilities, Weirdness & Mutations

You are immune to sickness and miasma.
Your stone body is resilient. (AC +7)
You are immune to poison.
You resist negative energy. (rN+)
You are resistant to electric shocks. (rElec)
You are resistant to unholy torment.
You are immune to petrification.


Message History

The vault guard is heavily wounded.
The vault guard hits you but does no damage.
You completely miss the vault guard.
The vault guard is heavily wounded.
The vault guard hits you but does no damage.
The vault guard closely misses you.
You barely miss the vault guard.
The vault guard is heavily wounded.
The vault guard closely misses you.
You barely miss the vault guard.
The vault guard is heavily wounded.
The vault guard hits you with a +0 broad axe!
You hit the vault guard but do no damage.
The vault guard is heavily wounded.
You block the vault guard's attack.
You hit the vault guard. You burn the vault guard.
The vault guard is heavily wounded.
The vault guard hits you with a +0 broad axe!
You are too injured to fight recklessly!
You are too injured to fight recklessly!
You are too injured to fight recklessly!
You are too injured to fight recklessly!
You are too injured to fight recklessly!
You are too injured to fight recklessly!
You slash the vault guard! You burn the vault guard.
The vault guard is severely wounded.
The vault guard hits you but does no damage.
You closely miss the vault guard.
The vault guard is heavily wounded.
The vault guard hits you with a +0 broad axe!
* * * LOW HITPOINT WARNING * * *
You hit the vault guard but do no damage.
The vault guard is heavily wounded.
The vault guard hits you but does no damage.
You slash the vault guard! You burn the vault guard.
The vault guard is severely wounded.
The vault guard hits you with a +0 broad axe.
* * * LOW HITPOINT WARNING * * *
The vault guard hits you with a +0 broad axe!
You die...

#..∩..#
###.....###
##~##...##≈##
##~~~##'##~~≈##
#~~~.....~~~~≈#
##....~)....~~≈##
#.≈≈≈~).~..~~~~≈#
#'###≈~.~...~~~≈#
#.@~##≈~....~~~≈#
#~p.~#≈~...~~~~≈#
##~..##≈~...~~~≈#
#~...#≈~..~~~≈##
##~..#≈~.~≈≈~≈#
####≈~.≈##≈##
#≈~..≈####
#≈~).≈#..+
###)###..##


You could see a vault guard.

Vanquished Creatures
  A vault guard (Bailey)
  Prince Ribbit (Bailey)
  5 humans (Bailey)
  An ice beast (D:5)
  An orc warrior (Bailey)
  A sky beast (D:6)
  3 black bears
  The ghost of Beavis the Shooter, an amateur DsHu (D:3)
  2 ogres (D:5)
  2 centaurs
  A phantom (D:6)
  A kobold brigand (D:6)
  6 bullfrogs
  4 scorpions
  6 wights (D:7)
  A howler monkey (D:5)
  2 quasits (D:3)
  2 orc priests (D:5)
  5 jellies (D:5)
  A gnoll bouda (D:7)
  5 hounds
  2 iguanas (D:5)
  2 orc wizards
  12 gnolls
  3 adders
  2 shadow imps
  An ufetubus (D:6)
  3 worms (D:2)
  4 dart slugs
  22 orcs
  7 endoplasms
  6 giant cockroaches
  11 goblins
  7 hobgoblins
  4 jackals (D:2)
  10 quokkas
  8 ball pythons
  4 bats (D:3)
  2 frilled lizards
  8 kobolds
  4 rats
174 creatures vanquished.

Notes
Turn   | Place    | Note
-------+----------+-------------------------------------------
     0 | D:1      | bande the Gargoyle Fighter began the quest for the Orb.
     0 | D:1      | Reached XP level 1. HP: 14/14 MP: 1/1
    76 | D:1      | Reached XP level 2. HP: 19/19 MP: 2/2
   518 | D:1      | Reached skill level 2 in Axes
   778 | D:2      | Reached XP level 3. HP: 22/23 MP: 3/3
  1293 | D:2      | Reached XP level 4. HP: 23/29 MP: 4/4
  1388 | D:3      | Found an iron altar of Okawaru.
  1396 | D:3      | Became a worshipper of Warmaster Okawaru
  1438 | D:3      | Found Qiru's Armour Shoppe.
  1459 | D:3      | Found a transporter.
  1468 | D:3      | Found a transporter.
  1477 | D:3      | Noticed Beavis's ghost (amateur DsHu)
  1595 | D:3      | Reached skill level 3 in Axes
  1690 | D:3      | Found a faded altar of an unknown god.
  1694 | D:3      | Found a hazy altar of Hepliaklqana.
  1919 | D:3      | Found a glowing silver altar of Zin.
  1929 | D:3      | Reached skill level 1 in Evocations
  1929 | D:3      | Reached XP level 5. HP: 33/33 MP: 5/5
  2063 | D:3      | Found an ancient bone altar of Kikubaaqudgha.
  2199 | D:3      | Reached skill level 1 in Invocations
  2207 | D:3      | Killed Beavis's ghost
  2208 | D:3      | Reached XP level 6. HP: 21/38 MP: 5/7
  2479 | D:4      | Reached * piety under Okawaru
  2480 | D:4      | Reached skill level 4 in Axes
  2754 | D:4      | Found Riykakes's Antique Weapon Emporium.
  2874 | D:4      | Identified the +4 ring mail of Sloth {rElec}
  2948 | D:4      | Noticed a black bear
  2952 | D:4      | Killed a black bear
  2953 | D:4      | Reached XP level 7. HP: 43/43 MP: 8/8
  3149 | D:5      | Entered Level 5 of the Dungeon
  3160 | D:5      | Found a transporter.
  3239 | D:5      | Reached skill level 5 in Axes
  3246 | D:5      | Reached XP level 8. HP: 21/48 MP: 10/10
  3404 | D:5      | Found a sparkling altar of Nemelex Xobeh.
  3687 | D:5      | Found a radiant altar of Vehumet.
  3698 | D:5      | Reached ** piety under Okawaru
  3803 | D:5      | Reached skill level 6 in Axes
  3854 | D:5      | Found a hide-covered altar of Uskayaw.
  3964 | D:5      | Reached skill level 5 in Fighting
  3977 | D:5      | Found a transporter.
  4176 | D:6      | Reached skill level 5 in Armour
  4445 | D:6      | Reached XP level 9. HP: 54/54 MP: 12/12
  4511 | D:6      | Reached *** piety under Okawaru
  4515 | D:6      | Reached skill level 7 in Axes
  4559 | D:6      | Found a staircase to the Ecumenical Temple.
  5092 | D:7      | Found a flagged portal.
  5097 | D:7      | Reached skill level 5 in Invocations
  5107 | Bailey   | Entered a bailey
  5303 | Bailey   | Reached skill level 5 in Shields
  5316 | Bailey   | Reached **** piety under Okawaru
  5317 | Bailey   | Reached skill level 8 in Axes
  5447 | Bailey   | Reached XP level 10. HP: 58/60 MP: 14/14
  5461 | Bailey   | Received a gift from Okawaru
  5649 | Bailey   | Noticed Prince Ribbit
  5652 | Bailey   | Noticed a vault guard
  5654 | Bailey   | Killed Prince Ribbit
  5655 | Bailey   | Reached skill level 5 in Evocations
  5681 | Bailey   | Killed a vault guard
  6069 | Bailey   | Noticed a vault guard
  6094 | Bailey   | Slain by a vault guard

Illustrated notes

Levels and vault maps discovered:
D:1:      dpeg_arrival_round_b, layout_loops_ring,
          hangedman_abyss_or_decor_lesser_grid,
          nicolae_concentric_dashed_squares_mild
D:2:      layout_basic
D:3:      layout_loops_cross, nicolae_overflow_ecumenical_swirl,
          nicolae_overflow_crystal_walls, old_standard_altar,
          lemuel_coloured_pillars_altar, gammafunk_ghost_stat_death,
          serial_shops, nicolae_shop_behind_doors, st_stairs_8
D:4:      layout_basic, serial_shops, shop
D:5:      gammafunk_cloud_chamber, layout_basic,
          mainiacjoe_overflow_catch_the_wave, minmay_ruined_shrine
D:6:      layout_basic, minmay_temple_entry_trees
D:7:      layout_cave_pools, mainiacjoe_overflow_concentric_impassable,
          mainiacjoe_overflow_tiny_flanked, nicolae_yredelemnul_ghost_church,
          xom_butterflies, enter_bailey_3
Bailey:   bailey_axe_froggy_fort_hellmonk, bailey

Skill      XL: |  1  2  3  4  5  6  7  8  9 10 |
---------------+-------------------------------+-----
Axes           | 2 3 4 5 6 8 |  8.8
Armour         | 4 5 6 |  6.1
Evocations     | 1 2 3 4 5 |  5.2
Invocations    | 1 2 3 4 5 6 |  6.0
Fighting       | 4 5 6 |  6.4
Shields        | 4 5 |  5.3

Action                     |  1- 3 |  4- 6 |  7- 9 | 10-12 || total
---------------------------+-------+-------+-------+-------++-------
  Melee: War axe           |    98 |   126 |   232 |    67 ||   523
    Use: Scroll            |       |    15 |     5 |       ||    20
         Potion            |       |       |     1 |     5 ||     6
 Armour: Scale mail        |    48 |   104 |       |       ||   152
         Chain mail        |       |    11 |   202 |    34 ||   247
  Dodge: Dodged            |    49 |    70 |   116 |    20 ||   255
  Block: Buckler           |    22 |    28 |    96 |    13 ||   159

Table legend: (Time is in decaauts)
 A = Elapsed time spent in this place.
 B = Non-inter-level travel time spent in this place.
 C = Inter-level travel time spent in this place.
 D = Time resting spent in this place.
 E = Time spent auto-exploring this place.
 F = Levels seen in this place.
 G = Mean time per level.
                   A        B        C        D        E       F      G
               +--------+--------+--------+--------+--------+-----+--------+
         Total |   6250 |   6140 |    110 |   1113 |   3596 |   8 |  781.2 |
       Dungeon |   5240 |   5130 |    110 |    334 |   3550 |   7 |  748.6 |
        Bailey |   1009 |   1009 |      0 |    779 |     46 |   1 | 1009.0 |
               +--------+--------+--------+--------+--------+-----+--------+

Top non-repeatable levels by time:
     D:3: 1086 daAuts
     D:5: 1033 daAuts
  Bailey: 1009 daAuts
     D:6: 856 daAuts
     D:1: 772 daAuts
     D:4: 719 daAuts
     D:2: 658 daAuts
     D:7: 113 daAuts
